 Dungeon Crawl Stone Soup version 0.27.1-3-gb3d3a73c9e (console) character file.

Game seed: 12543419037582370037

73144 toffzen the Spry (level 15, -4/83 HPs)
             Began as a Spriggan Berserker on Oct 14, 2021.
             Was the Champion of Trog.
             Slain by an orc (7 damage)
             ... while paralysed by an orc sorcerer
             ... on level 2 of the Orcish Mines on Oct 15, 2021.
             The game lasted 01:04:49 (30507 turns).

toffzen the Spry (Spriggan Berserker)              Turns: 30507, Time: 01:04:50

Health: -4/83      AC:  9    Str: 15    XL:     15   Next: 3%
Magic:  16/16      EV:  4    Int:  9    God:    Trog [******]
Gold:   1380       SH:  0    Dex: 19    Spells: 14/14 levels left

rFire    + + +     SeeInvis +   a - +3 demon trident (elec)
rCold    . . .     Faith    +   (shield currently unavailable)
rNeg     . . .     Spirit   .   W - +3 troll leather armour {Snorg}
rPois    +         Reflect  .   x - +2 hat
rElec    +         Harm     .   J - scarf {repulsion}
rCorr    .         Rampage  .   (gloves unavailable)
Will     ++...                  (boots unavailable)
Stlth    +.........             q - amulet of Yduoxue {Faith Fly rPois rF++ Slay+2}
HPRegen  1.23/turn              P - ring "Plog" {rElec rPois rF+}
MPRegen  0.15/turn              o - +4 ring of slaying

@: paralysed, flying, repel missiles, very quick
A: very small, no large weapons, unfitting armour, see invisible, speed 3
a: Renounce Religion, Berserk, Trog's Hand, Brothers in Arms


You were on level 2 of the Orcish Mines.
You worshipped Trog.
Trog was exalted by your worship.
You visited 4 branches of the dungeon, and saw 23 of its levels.

You collected 2629 gold pieces.
You spent 1249 gold pieces at shops.

Inventory:

Hand Weapons
 a - a +3 demon trident of electrocution (weapon)
 b - the +5 trident of Collusion {speed, rC++ Will+ rCorr}
   (You bought it in a shop on level 13 of the Dungeon)

   Attacks with this weapon are significantly faster.
   rC:        It greatly protects you from cold.
   rCorr:     It protects you from acid and corrosion.
   Will:      It increases your willpower.
 e - a +0 hunting sling
 h - the +4 war axe of Trog's Pride {vorpal, +Rage rC+ SInv}
   (You found it on level 8 of the Dungeon)

   It inflicts extra damage upon your enemies.
   rC:        It protects you from cold.
   SInv:      It lets you see invisible.
   +Rage:     It lets you go berserk.
 A - a +5 demon trident
 U - a +4 antimagic trident
Missiles
 d - 605 stones (quivered)
 p - 7 curare-tipped darts
 v - 80 poisoned darts
Armour
 i - a +0 buckler
 u - +0 steam dragon scales
 x - a +2 hat (worn)
 H - a +2 robe of fire resistance
 J - a scarf of repulsion (worn)
 O - +0 swamp dragon scales
 V - a +0 buckler of protection
 W - a +3 troll leather armour (worn) {Snorg}
Jewellery
 j - a ring of protection from cold
 o - a +4 ring of slaying (right hand)
 q - the amulet of Yduoxue (around neck) {Faith Fly rPois rF++ Slay+2}
   (You found it on level 11 of the Dungeon)

   [amulet of faith]

   It allows you to gain divine favour quickly.
   Slay:      It affects your accuracy & damage with ranged weapons and melee
   (+2).
   rF:        It greatly protects you from fire.
   rPois:     It protects you from poison.
   Fly:       It grants you flight.
 y - an amulet of guardian spirit
 L - a +4 ring of protection
 P - the ring "Plog" (left hand) {rElec rPois rF+}
   (You bought it in a shop on level 1 of the Orcish Mines)

   [ring of protection from fire]

   rF:        It protects you from fire.
   rElec:     It insulates you from electricity.
   rPois:     It protects you from poison.
 Q - a ring of protection from cold
 S - a ring of resist corrosion
 Z - a ring of poison resistance
Wands
 f - a wand of flame (6)
 r - a wand of paralysis (23)
 w - a wand of iceblast (18)
 K - a wand of mindburst (7)
 N - a wand of charming (7)
 X - a wand of polymorph (7)
Scrolls
 l - 4 scrolls of immolation
 m - 10 scrolls of teleportation
 z - a scroll of fear
 D - 5 scrolls of fog
 E - 2 scrolls of enchant armour
 I - 2 scrolls of blinking
 Y - a scroll of silence
Potions
 c - 3 potions of might
 g - 6 potions of curing
 k - 4 potions of resistance
 n - a potion of lignification
 s - 3 potions of haste
 t - 7 potions of flight
 B - 2 potions of attraction
 C - 2 potions of cancellation {unknown}
 F - 2 potions of heal wounds
 G - 2 potions of degeneration {unknown}
 M - a potion of invisibility {unknown}
 T - a potion of berserk rage {unknown}
Miscellaneous
 R - a box of beasts


   Skills:
 + Level 11.5 Fighting
 * Level 14.2 Polearms
 - Level 4.0 Armour
 + Level 16.7 Dodging


You had 14 spell levels left.
You didn't know any spells.
Your spell library was empty.

Dungeon Overview and Level Annotations

Branches:
Dungeon (14/15)            Temple (0/1) D:7            Lair (6/6) D:11
 Shoals (0/4) Lair:4        Snake (1/4) Lair:4        Slime (0/5) Lair:5
    Orc (2/2) D:9             Elf (0/3) Orc:2
 Vaults: D:13-14

Altars:
Makhleb
Trog
Beogh

Shops:
D:3 [   D:4 !   D:13 (   Orc:1 *

Annotations:
D:6 1 runed translucent door, Crazy Yiuf
D:9 1 exclusion
D:13 exclusion: downstairs
D:14 Nessos
Lair:4 1 runed translucent door
Lair:5 exclusion: 3 oklob plants
Orc:2 Saint Roka


Innate Abilities, Weirdness & Mutations

You are very small and have problems with some larger weapons.
You are too small for most types of armour.
You have supernaturally acute eyesight. (SInv)
You cover ground extremely quickly. (Speed+++)


Message History

Beogh smites you!
The orc sorcerer points at you and mumbles some strange words.
The bolt of fire misses you.
You reach to attack!
You puncture the orc warrior!
The orc warrior is moderately wounded.
An orc comes into view. It is wielding a +2 vorpal war axe.
The orc warrior throws a boomerang.
The boomerang misses you.
You reach to attack!
You puncture the orc warrior!
Lightning courses through the orc warrior!
You kill the orc warrior!
Trog accepts your kill.
The orc hits you from afar with a +0 trident!
You reach to attack!
You puncture the orc sorcerer!
The orc sorcerer is moderately wounded.
The orc sorcerer casts a spell at you.
You suddenly lose the ability to move!
The orc priest calls down the wrath of Beogh upon you.
Beogh smites you!
Saint Roka invokes the aid of Beogh against you.
Beogh smites you!
An orc comes into view. It is wielding a +0 short sword.
The orc hits you from afar with a +0 trident!
You hear a shout!
The orc priest looks satisfied for a moment.
The orc hits you from afar with a +0 trident.
An orc comes into view. It is wielding a +0 club.
The chaos spawn grows dozens of eye stalks in order to get a better look at you.
The chaos spawn gores you.
* * * LOW HITPOINT WARNING * * *
The chaos spawn shocks you. You resist.
* * * LOW HITPOINT WARNING * * *
The orc hits you from afar with a +0 trident.
* * * LOW HITPOINT WARNING * * *
The chaos spawn hits you!
* * * LOW HITPOINT WARNING * * *
The chaos spawn shocks you. You resist.
* * * LOW HITPOINT WARNING * * *
The orc sorcerer barely misses you.
The orc hits you from afar with a +0 trident!
You die...

#....................######...##.
..............#.#.#.##.##.##...#.
.................................
#..............##########........
..............## ###..#...
..............# # ##.....
.............#### .# #.....
............)#.8##o###o# ##....
.........).8.'..@4o.o.o. #....
##.......).).'..ooo.8... #....
##.......)8.'....o..... #..##
#......))..#.8##'###'# ##.###
#..))......#### ..# . #..#..
#.>)........# ..# ##.....
##...........## .# ###..##..
##.)...........##########...##...
.)........................###....


You could see Saint Roka, a chaos spawn (summoned), an orc sorcerer (strong), an
orc priest (strong) and 6 orcs.

Vanquished Creatures
  Gastronok (Lair:3)
  An orc warlord (D:9)
  Azrael (D:12)
  Snorg (D:13)
  A boulder beetle (Lair:4)
  7 hydras
  An ice dragon (Lair:6)
  3 catoblepae
  2 two-headed ogres
  A tengu warrior (D:13)
  Urug (Lair:2)
  Nergalle (D:12)
  Sonja (D:11)
  3 lindwurms (Lair:6)
  A wizard (D:10)
  A deep elf pyromancer (D:14)
  A deep elf zephyrmancer (D:14)
  A necromancer (D:12)
  6 orc sorcerers
  4 ugly things
  2 manticores
  A salamander (shapeshifter) (D:13)
  4 elephants (D:11)
  3 cyclopes
  A centaur zombie (D:11)
  2 black mambas
  4 molten gargoyles (D:9)
  5 torpor snails (Lair:6)
  An unseen horror (D:13)
  10 cane toads
  2 kobold demonologists (D:10)
  4 rime drakes
  7 komodo dragons
  A tengu conjurer (D:12)
  4 trolls
  3 tyrant leeches (Lair:6)
  A wind drake (Lair:4)
  Grinder (D:3)
  12 polar bears
  7 slime creatures
  11 blink frogs
  7 hornets (Lair:6)
  5 raiju (Lair:6)
  A dream sheep (Lair:6)
  A centaur simulacrum (D:12)
  2 shadows
  Eustachio (D:5)
  A wraith (D:11)
  A yak (shapeshifter) (D:10)
  5 basilisks
  2 fire elementals (D:12)
  22 yaks
  7 wyverns
  A steam dragon (D:8)
  20 vampire mosquitoes
  Menkaure (D:6)
  An acid dragon (D:12)
  15 hell hounds
  8 wargs
  19 water moccasins
  Duvessa (D:4)
  Purgy (D:3)
  31 orc warriors
  An ice beast (D:6)
  2 sky beasts
  14 black bears
  2 centaurs
  6 ogres
  13 wolves (Lair:6)
  A boggart (D:14)
  A phantom (D:4)
  8 kobold brigands
  8 bullfrogs
  A scorpion (D:6)
  Dowan (D:4)
  A wyvern zombie (D:5)
  8 killer bees
  2 electric eels
  3 howler monkeys
  A bullfrog zombie (D:6)
  4 jellies
  24 orc priests
  4 hounds
  2 centaur skeletons
  A bullfrog skeleton (D:7)
  2 iguanas (Lair:1)
  22 orc wizards
  5 hell rats (Lair:2)
  A hound zombie (D:5)
  2 hound skeletons (D:4)
  2 howler monkey zombies
  7 gnolls
  9 adders
  A howler monkey skeleton (D:4)
  A shadow imp (D:7)
  2 white imps
  2 dart slugs
  91 orcs
  10 bats
  3 endoplasms
  7 giant cockroaches
  12 goblins
  13 hobgoblins
  3 jackals (D:4)
  3 quokkas (D:1)
  12 ball pythons
  4 frilled lizards
  22 kobolds
  5 rats
  A spectral kobold (D:1)
628 creatures vanquished.

Vanquished Creatures (collateral kills)
  A centaur warrior (D:10)
  A cane toad (Lair:6)
  A rime drake (Lair:6)
  A komodo dragon (Lair:6)
  8 dream sheep (Lair:6)
  3 yaks (Lair:6)
  A basilisk (Lair:6)
  An orc wizard (D:10)
17 creatures vanquished.

Vanquished Creatures (others)
  28 fungi
  51 plants
  4 toadstools (D:5)
83 creatures vanquished.

Grand Total: 728 creatures vanquished

Notes
Turn   | Place    | Note
-------+----------+-------------------------------------------
     0 | D:1      | toffzen the Spriggan Berserker began the quest for the Orb.
     0 | D:1      | Reached XP level 1. HP: 11/11 MP: 2/2
    57 | D:1      | Reached XP level 2. HP: 13/16 MP: 3/3
   439 | D:1      | You fall into a shaft and drop 1 floor!
   859 | D:2      | Reached ** piety under Trog
   860 | D:2      | Reached XP level 3. HP: 17/19 MP: 4/4
  1038 | D:2      | You fall into a shaft and drop 2 floors!
  1111 | D:3      | Noticed Grinder
  1118 | D:4      | Reached XP level 4. HP: 23/23 MP: 5/5
  1426 | D:4      | Found a glowing drain.
  1674 | D:4      | Noticed a phantom
  1686 | D:4      | Reached skill level 5 in Dodging
  1693 | D:4      | Killed a phantom
  1694 | D:4      | Reached XP level 5. HP: 24/28 MP: 6/6
  1970 | D:1      | Found a faded altar of an unknown god.
  2633 | D:3      | Reached *** piety under Trog
  2886 | D:3      | Reached XP level 6. HP: 29/32 MP: 7/7
  2936 | D:3      | Paralysed by Grinder for 3 turns
  3010 | D:3      | Killed Grinder
  3011 | D:3      | Reached skill level 6 in Dodging
  3273 | D:3      | Found Goeniutz's Armour Shoppe.
  3631 | D:3      | Noticed Purgy
  3648 | D:3      | Killed Purgy
  3649 | D:3      | Reached XP level 7. HP: 37/37 MP: 8/8
  3959 | D:4      | Noticed Duvessa
  3959 | D:4      | Noticed Dowan
  3973 | D:4      | Killed Duvessa
  3974 | D:4      | Reached skill level 5 in Polearms
  4101 | D:4      | Killed Dowan
  4102 | D:4      | Reached skill level 7 in Dodging
  4344 | D:4      | Found Zeles's Distillery.
  4347 | D:4      | Bought a potion of curing for 33 gold pieces
  4596 | D:4      | Reached XP level 8. HP: 38/42 MP: 9/9
  4913 | D:5      | Entered Level 5 of the Dungeon
  5600 | D:5      | Noticed Eustachio
  5802 | D:4      | HP: 2/42 [poisoned by a water moccasin]
  6112 | D:5      | Killed Eustachio
  6510 | D:6      | Reached skill level 5 in Fighting
  6510 | D:6      | Reached skill level 8 in Dodging
  6645 | D:5      | Reached **** piety under Trog
  7148 | D:6      | Found a runed translucent door.
  7149 | D:6      | Noticed Crazy Yiuf
  7178 | D:6      | Noticed Menkaure
  7188 | D:6      | Killed Menkaure
  7579 | D:6      | Reached XP level 9. HP: 47/47 MP: 10/10
  7870 | D:6      | Reached skill level 9 in Dodging
  8827 | D:7      | Found a staircase to the Ecumenical Temple.
  9024 | D:7      | Found a flagged portal.
 10539 | D:8      | Found a bloodstained altar of Trog.
 10960 | D:8      | Identified the +4 war axe of Trog's Pride {vorpal, +Rage
                  | rC+ SInv}
 11034 | D:9      | Reached skill level 10 in Dodging
 11102 | D:9      | Noticed a troll
 11111 | D:9      | Killed a troll
 11163 | D:9      | Noticed a molten gargoyle
 11204 | D:8      | Reached XP level 10. HP: 44/53 MP: 9/11
 11275 | D:9      | Killed a molten gargoyle
 11485 | D:9      | Noticed a molten gargoyle
 11518 | D:9      | Killed a molten gargoyle
 11614 | D:9      | Noticed a molten gargoyle
 11633 | D:9      | Killed a molten gargoyle
 11910 | D:9      | Noticed a molten gargoyle
 11920 | D:9      | Killed a molten gargoyle
 12184 | D:8      | Reached skill level 11 in Dodging
 12528 | D:9      | Found a staircase to the Orcish Mines.
 12739 | D:10     | Entered Level 10 of the Dungeon
 12845 | D:10     | Noticed a centaur warrior
 12863 | D:10     | Killed a centaur warrior
 13516 | D:10     | Reached XP level 11. HP: 58/58 MP: 10/12
 14212 | D:10     | Noticed a wizard
 14288 | D:10     | Killed a wizard
 14394 | D:10     | Noticed a cyan ugly thing
 14408 | D:10     | Killed a cyan ugly thing
 14409 | D:10     | Reached skill level 10 in Polearms
 14409 | D:10     | Reached skill level 12 in Dodging
 14828 | D:11     | Found a staircase to the Lair.
 15034 | D:11     | Noticed Sonja
 15038 | D:11     | Killed Sonja
 15214 | D:11     | Identified the amulet of Yduoxue {Faith Fly rPois rF++
                  | Slay+2}
 15808 | D:11     | Noticed a two-headed ogre
 15815 | D:11     | Killed a two-headed ogre
 16080 | Lair:1   | Entered Level 1 of the Lair of Beasts
 16562 | Lair:1   | Reached skill level 13 in Dodging
 16625 | Lair:1   | Reached XP level 12. HP: 65/65 MP: 13/13
 16838 | Lair:1   | Reached ***** piety under Trog
 17043 | Lair:1   | Noticed an eight-headed hydra
 17108 | Lair:1   | Killed an eight-headed hydra
 18022 | Lair:2   | Identified a scroll of acquirement
 18022 | Lair:2   | Acquired a +1 demon trident of electrocution
 18149 | Lair:2   | Noticed Urug
 18149 | Lair:2   | Noticed a catoblepas
 18188 | Lair:2   | Killed Urug
 18398 | Lair:2   | Killed a catoblepas
 19347 | Lair:3   | Reached skill level 14 in Dodging
 19357 | Lair:3   | Noticed Gastronok
 19646 | Lair:3   | Killed Gastronok
 19848 | Lair:3   | Reached XP level 13. HP: 65/72 MP: 14/14
 20043 | Lair:3   | Identified the +1 halberd "Saevub" {vorpal, Int+4}
 20475 | Lair:4   | Found a staircase to the Shoals.
 20649 | Lair:4   | Found a runed translucent door.
 20666 | Lair:4   | Found a staircase to the Snake Pit.
 20848 | Lair:4   | Reached skill level 10 in Fighting
 20937 | Lair:4   | Acquired a scarf of repulsion
 21326 | Snake:1  | Entered Level 1 of the Snake Pit
 21566 | Lair:5   | Found a staircase to the Slime Pits.
 21667 | Lair:5   | Identified the +1 leather armour of Bright Surprise {Int+2}
 21754 | Lair:5   | Identified the +5 ring mail of Durable Birdsong {rF++}
 21768 | Lair:5   | Acquired +0 swamp dragon scales
 22088 | Lair:6   | Entered Level 6 of the Lair of Beasts
 22215 | Lair:6   | Reached skill level 1 in Armour
 22862 | Lair:6   | Reached skill level 15 in Dodging
 23252 | Lair:6   | Received a gift from Trog
 23490 | Lair:6   | Found a runed translucent door.
 24912 | Lair:6   | Reached XP level 14. HP: 77/77 MP: 15/15
 26428 | D:12     | Noticed Nergalle
 26437 | D:12     | Killed Nergalle
 26674 | D:12     | Noticed Azrael
 26680 | D:12     | Received a gift from Trog
 26700 | D:12     | Killed Azrael
 27080 | D:12     | Reached skill level 16 in Dodging
 27394 | D:13     | Found Usaukiux's Weapon Boutique.
 27402 | D:13     | Bought the +5 trident of Collusion {speed, rC++ Will+
                  | rCorr} for 854 gold pieces
 27759 | D:13     | Acquired a +0 buckler of protection
 27799 | D:13     | Noticed Snorg
 27815 | D:13     | Killed Snorg
 28370 | D:14     | Noticed Nessos
 28816 | Orc:1    | Entered Level 1 of the Orcish Mines
 28837 | Orc:1    | Noticed an orc warlord
 29089 | D:9      | Killed an orc warlord
 29188 | Orc:1    | Reached ****** piety under Trog
 29204 | Orc:1    | Received a gift from Trog
 29441 | Orc:1    | Found Mehacuupp's Assorted Antiques.
 29463 | Orc:1    | Bought a clouded lead ring for 145 gold pieces
 29463 | Orc:1    | Identified the ring "Plog" {rElec rPois rF+} (You bought it
                  | in a shop on level 1 of the Orcish Mines)
 29463 | Orc:1    | Bought a scroll of enchant weapon for 217 gold pieces
 29837 | Orc:2    | Entered Level 2 of the Orcish Mines
 29951 | Orc:2    | Received a gift from Trog
 30081 | Orc:2    | Found a staircase to the Elven Halls.
 30104 | Orc:2    | Reached XP level 15. HP: 83/83 MP: 16/16
 30289 | Orc:2    | Found a burning altar of Makhleb.
 30493 | Orc:2    | Noticed Saint Roka
 30504 | Orc:2    | Paralysed by an orc sorcerer for 6 turns
 30507 | Orc:2    | HP: 3/83 [chaos spawn[Saint Roka] (2)]
 30507 | Orc:2    | Slain by an orc

Illustrated notes

Levels and vault maps discovered:
D:1:      lightli_molten_gateway, layout_rooms,
          dreamdust_ecumenical_altar_drowned_temple
D:2:      layout_rooms
D:3:      layout_basic, serial_shops, nicolae_shop_crystal, minmay_diced_spiral,
          uniq_grinder, uniq_purgy
D:4:      layout_loops_corners, serial_shops, kennysheep_mini,
          cheibrodos_sewer_entry_drain, corexii_leaking_fountain, uniq_duvessa
D:5:      layout_gridville, chequers_serial_rivers_micro_a,
          minmay_gold_behind_fungi, minmay_misc_feat_four_crosses,
          skrybe_limestone_x, uniq_eustachio
D:6:      layout_rooms, uniq_crazy_yiuf_cottage, uniq_menkaure
D:7:      layout_basic, minmay_temple_entry_waves, lightli_bailey_entry_fortress
D:8:      layout_rooms, mainiacjoe_overflow_alcove_2, serial_curves,
          eino_curves_01, eino_curves_02, nrook_uturn
D:9:      layout_gridville, erik_orc_2, eino_tiny_chamber, minivault_8
D:10:     layout_stronghold, kb_rosetta
D:11:     layout_basic, david_lair_generic, kennysheep_donut, uniq_sonja
D:12:     layout_small_grid, minmay_diamond_spiral, uniq_azrael, uniq_nergalle
D:13:     layout_basic, serial_shops, nicolae_shop_waterfront, uniq_snorg
D:14:     layout_roguey, hangedman_vaults_entry_quadrant_bands,
          xom_teletrap_fun, fedhas_altar_3, uniq_nessos
Lair:1:   layout_cave_pods, st_stairs_4, beast_lair_carwin_11,
          grunt_megastairs_5
Lair:2:   layout_cave_pods, grunt_megastairs_1, uniq_urug
Lair:3:   layout_chaotic_city, infiniplex_staircase_pool_2, uniq_gastronok
Lair:4:   gammafunk_indiana_jones, layout_concentric_octagons,
          minmay_shoals_entry_beasts
Lair:5:   layout_loops_ring, minmay_slime_entry_oklob_open, patterned_corridor
Lair:6:   hangedman_lair_caniforms_friends, layout_hall_layers, wormcave
Snake:1:  layout_grid_shapes, nicolae_snake_single_loop, st_stairs_1,
          guppyfry_library_mini, minmay_shoptagon
Orc:1:    layout_diamond_mine, serial_shops, shop, basic_altar
Orc:2:    grunt_orc_community_town_hall, layout_caves,
          grunt_orc_community_big_house_2, grunt_orc_community_big_house_2,
          grunt_orc_community_house_1, grunt_orc_community_house_1,
          grunt_orc_community_house_1, grunt_orc_community_house_3,
          grunt_orc_community_house_1, grunt_orc_community_house_1, basic_altar

Skill      XL: |  1  2  3  4  5  6  7  8  9 10 11 12 13 14 |
---------------+-------------------------------------------+-----
Polearms       | 3 4 5 6 8 9 11 12 13 14 | 14.2
Fighting       | 3 4 5 6 7 8 9 10 11 | 11.5
Dodging        | 5 6 7 8 10 11 13 14 15 16 | 16.7
Armour         | 3 4 |  4.0

Action                   |  1- 3 |  4- 6 |  7- 9 | 10-12 | 13-15 || total
-------------------------+-------+-------+-------+-------+-------++-------
Melee: Spear             |    68 |   262 |   295 |       |       ||   625
       Trident           |       |       |   159 |     8 |   232 ||   399
       War axe           |       |       |    27 |   404 |       ||   431
       Demon trident     |       |       |       |   129 |   804 ||   933
Invok: Berserk           |     8 |    10 |    37 |    39 |    29 ||   123
       Trog's Hand       |       |       |     2 |     6 |     3 ||    11
       Brothers in Arms  |       |       |       |     1 |     2 ||     3
Evoke: Wand              |       |       |       |    11 |    17 ||    28
  Use: Scroll            |       |       |    11 |     9 |     8 ||    28
       Potion            |       |       |     3 |       |       ||     3
 Stab: Sleeping          |       |     5 |     2 |     1 |     3 ||    11
       Distracted        |       |       |     1 |       |     3 ||     4
Armor: Animal skin       |     7 |    10 |    17 |       |       ||    34
       Steam dragon scal |       |       |     9 |    50 |    44 ||   103
       Troll leather arm |       |       |       |       |    15 ||    15
       Skin              |       |       |       |       |     1 ||     1
Dodge: Dodged            |    54 |   148 |   293 |   465 |   544 ||  1504
       Repelled          |       |       |       |       |     6 ||     6
Block: Buckler           |       |    12 |    64 |   101 |       ||   177
